 Dungeon Crawl Stone Soup version 0.31.0-9-g3a7656b989 (webtiles) character file.

Game seed: 13518545437865692199

65 qw the Shooter (level 3, -1/18 HPs)
             Began as a Spriggan Hunter on Feb 2, 2024.
             Killed by divine providence
             ... invoked by an orc priest
              (12 damage)
             ... on level 3 of the Dungeon.
             The game lasted 00:00:05 (1408 turns).

qw the Shooter (Spriggan Hunter)                    Turns: 1408, Time: 00:00:05

Health: -1/18      AC:  2    Str:  7    XL:     3   Next: 92%
Magic:  4/4        EV: 19    Int: 10    God:
Gold:   125        SH:  0    Dex: 20    Spells: 2/2 levels left

rFire   . . .        a - +1 shortbow
rCold   . . .        (shield currently unavailable)
rNeg    . . .        c - +0 robe
rPois   .            (helmet restricted)
rElec   .            (no cloak)
rCorr   .            (gloves unavailable)
SInv    +            (boots unavailable)
Will    .....        (no amulet)
Stlth   ++           (no ring)
HPRegen 0.23/turn    (no ring)
MPRegen 0.09/turn

%: no passive effects
@: very quick
A: very small, no large weapons, unfitting armour, see invisible, speed 3
a: no special abilities


You were on level 3 of the Dungeon.
You visited 1 branch of the dungeon, and saw 3 of its levels.

You collected 125 gold pieces.


Innate Abilities, Weirdness & Mutations

You are very small and have problems with some larger weapons.
You are too small for most types of armour.
You have supernaturally acute eyesight. (SInv)
You cover ground extremely quickly. (Speed+++)


   Skills:
 - Level 1.5 Fighting
 - Level 5.0 Ranged Weapons
 + Level 4.0 Dodging
 - Level 1.5 Stealth


You had 2 spell levels left.
You didn't know any spells.
Your spell library was empty.

Inventory:

Hand Weapons
 a - a +1 shortbow (weapon)
Armour
 c - a +0 robe (worn)
Scrolls
 h - a scroll of teleportation
Potions
 e - 3 potions of heal wounds
 f - a potion of haste
 k - 2 potions of curing

Dungeon Overview and Level Annotations

Branches:
Dungeon (3/15)

Altars:
Fedhas


Message History

You enter the shallow water.
Moving in this stuff is going to be slow. 2 orcs come into view.
Found a stone staircase leading down.
The orc shouts!
An orc comes into view. It is wielding a +0 dagger.
You shoot an arrow. The orc shouts!
The arrow hits the orc but does no damage.
You shoot an arrow. The arrow closely misses the orc.
The orc closely misses you.
An orc priest comes into view. It is wielding a +0 flail.
You shoot an arrow.
The arrow hits the orc but does no damage.
The orc barely misses you.
You shoot an arrow. The arrow closely misses the orc.
An orc priest comes into view. It is wielding a +0 falchion.
You shoot an arrow. The arrow barely misses the orc priest.
The orc completely misses you.
You shoot an arrow. The arrow hits the orc.
The orc is heavily wounded.
The orc closely misses you.
You shoot an arrow. The arrow hits the orc!
You kill the orc!
The orc priest looks encouraged for a moment.
You shoot an arrow. The arrow completely misses the orc.
The arrow closely misses the orc priest.
The orc misses you. The orc completely misses you.
The orc priest closely misses you. The orc closely misses you.
The orc misses you.
You shoot an arrow. The arrow hits the orc priest!
The orc priest is severely wounded.
The orc barely misses you. The orc completely misses you.
The orc priest closely misses you.
You shoot an arrow. The arrow barely misses the orc priest.
The orc hits you with a +0 dagger. The orc hits you with a +0 hand axe.
The orc priest calls down the wrath of Beogh upon you.
Beogh smites you!
Ouch! That really hurt!
You die...

#.# #.# #.#
#.# #.# #.#
#.# #.# #@#
#..oooo..#
#.......##.#
###.##### #
.. ##


You could see 2 orc priests and 2 orcs.

Vanquished Creatures
  2 adders (D:2)
  4 dart slugs
  An orc (D:3)
  2 endoplasms (D:1)
  A giant cockroach (D:2)
  5 goblins
  A hobgoblin (D:1)
  3 jackals (D:2)
  A quokka (D:2)
  6 ball pythons
  3 bats
  2 frilled lizards
  A kobold (D:2)
  5 rats
37 creatures vanquished.

Notes
Turn   | Place    | Note
-------+----------+-------------------------------------------
     0 | D:1      | qw the Spriggan Hunter began the quest for the Orb.
     0 | D:1      | Reached XP level 1. HP: 10/10 MP: 2/2
     0 | D:1      | 0 ||| qw: Version: 0.3-a-155-g5e7d8dd
     0 | D:1      | 0 ||| qw: Game counter: 420
     0 | D:1      | 0 ||| qw: Melee chars always use a shield: true
     0 | D:1      | 0 ||| qw: God list: Okawaru
     0 | D:1      | 0 ||| qw: Allow faded altars: false
     0 | D:1      | 0 ||| qw: Do Orc after clearing Dungeon:15 true
     0 | D:1      | 0 ||| qw: Do second Lair branch before Depths: true
     0 | D:1      | 0 ||| qw: Lair rune preference: random
     0 | D:1      | 0 ||| qw: Goals: Normal
     0 | D:1      | 0 ||| PLANNING D:1-11
    46 | D:1      | Reached skill level 3 in Dodging
   227 | D:1      | Reached XP level 2. HP: 14/14 MP: 3/3
   771 | D:1      | 771 ||| READING 3 scrolls labelled HOL CEPLEPSEC.
   772 | D:1      | 772 ||| READING 5 scrolls labelled BOAPUIG FIAGGO.
   772 | D:1      | 772 ||| IDENTIFYING black potion
   773 | D:1      | 773 ||| READING 4 scrolls of identify.
   773 | D:1      | 773 ||| IDENTIFYING gluggy clear potion
   774 | D:1      | 774 ||| READING 3 scrolls of identify.
   774 | D:1      | 774 ||| IDENTIFYING silvery potion
   775 | D:1      | 775 ||| READING 2 scrolls of identify.
   775 | D:1      | 775 ||| IDENTIFYING 2 smoky clear potions
   776 | D:1      | 776 ||| READING scroll of identify.
   776 | D:1      | 776 ||| IDENTIFYING scroll labelled VUAMON TUGUNGY
   777 | D:1      | 777 ||| READING scroll labelled SOEKLE ARIOFA.
   780 | D:1      | 780 ||| DROPPING scroll of butterflies.
   781 | D:1      | 781 ||| DROPPING 2 potions of brilliance.
   782 | D:1      | 782 ||| DROPPING 2 scrolls of fog.
   783 | D:1      | 783 ||| DROPPING scroll of revelation.
   863 | D:2      | Reached XP level 3. HP: 18/18 MP: 4/4
  1157 | D:2      | Reached skill level 5 in Ranged Weapons
  1299 | D:2      | 1299 ||| READING scroll of identify.
  1299 | D:2      | 1299 ||| IDENTIFYING scroll labelled BOXET YFA ITALL
  1300 | D:2      | 1300 ||| READING scroll of enchant weapon.
  1300 | D:2      | 1300 ||| ENCHANTING +0 shortbow.
  1301 | D:2      | 1301 ||| READING scroll labelled RUMASE DIUXO.
  1350 | D:3      | 1350 ||| PLANNING SEWER
  1351 | D:3      | Found a blossoming altar of Fedhas.
  1408 | D:3      | Killed from afar by an orc priest

Levels and vault maps discovered:
D:1:      saegor_arrival_miasma, layout_basic
D:2:      layout_rooms, minmay_cut_off
D:3:      layout_basic, fedhas_altar_2, serial_shops, shop,
          portal_sewer_entry_a, dk_noncrumbling_2, uniq_jessica

Skill      XL: |  1  2  3 |
---------------+----------+-----
Dodging        | 3 4 |  4.0
Ranged Weapons | 5 |  5.0
Fighting       | |  1.5
Stealth        | |  1.5

Action                     || total
---------------------------++-------
   Fire: Shortbow          ||   110
    Use: Scroll            ||    10
 Armour: Robe              ||    10
  Dodge: Dodged            ||    39

Table legend:
 A = Non-vault XP
 B = Vault XP
 C = Vault XP percentage of total XP
 D = Non-vault monster count
 E = Vault monster count
 F = Vault count percentage of total count
                 A         B        C        D         E       F
            +---------+---------+-------+---------+---------+-------
      Total |      88 |       5 |   5.4 |      33 |       4 |  10.8
            +---------+---------+-------+---------+---------+-------
        D:1 |      34 |       0 |   0.0 |      18 |       0 |   0.0
        D:2 |      51 |       5 |   8.9 |      14 |       4 |  22.2
        D:3 |       3 |       0 |   0.0 |       1 |       0 |   0.0
            +---------+---------+-------+---------+---------+-------
